 Dungeon Crawl Stone Soup version 0.31-a0-819-gf6de2f5ab6 (webtiles) character file.

Game seed: 3114604896245951729

305766 dondy the Cryomancer (level 20, 0/151 HPs)
             Began as a White Draconian Ice Elementalist on Sept 14, 2023.
             Was the Champion of Hepliaklqana.
             Killed from afar by a deep elf elementalist (22 damage)
             ... with a blast of rock fragments
             ... on level 3 of the Elven Halls on Sept 23, 2023.
             The game lasted 03:27:23 (52332 turns).

dondy the Cryomancer (DrIE)                        Turns: 52332, Time: 03:27:24

Health: 0/151      AC: 22    Str: 13    XL:     20   Next: 29%
Magic:  7/53       EV: 21    Int: 28    God:    Hepliaklqana [******]
Gold:   4528       SH: 12    Dex: 12    Spells: 23/59 levels left

rFire   . . .        a - +7 scimitar of Qeonipp {flame, rCorr MP+9}
rCold   + . .        i - +2 buckler
rNeg    . . .        (body armour unavailable)
rPois   +            N - +2 hat {Will+}
rElec   .            M - +2 cloak {rPois}
rCorr   +            O - +3 pair of gloves "Voomauk" {Will+}
SInv    .            c - +2 pair of boots {Stlth+}
Will    +++..        S - amulet of reflection
Stlth   +++          U - +6 ring of intelligence
HPRegen 0.45/turn    T - +5 ring of evasion
MPRegen 0.33/turn

%: reflection
@: lethally poisoned (0 -> -2), in a vortex, flying (expiring), slightly
contaminated
A: reduced essence, breathe frost, AC +10, unfitting armour, cold resistance 1,
cold-blooded
}: 2/15 runes: serpentine, barnacled
a: Breathe Frost, Renounce Religion, Recall Ancestor, Ancestor Identity,
Transference, Idealise


You were on level 3 of the Elven Halls.
You worshipped Hepliaklqana.
Hepliaklqana was exalted by your worship.
You visited 8 branches of the dungeon, and saw 35 of its levels.
You also visited: Ossuary, Ice Cave, Volcano and Wizlab.

You collected 5452 gold pieces.
You spent 924 gold pieces at shops.

Inventory:

Hand Weapons
 a - the +7 scimitar of Qeonipp (weapon) {flame, rCorr MP+9}
   (You found it on level 7 of the Dungeon)

   MP+9:      It affects your magic capacity (+9).
   rCorr:     It protects you from acid and corrosion.
 b - a +5 quick blade of pain
 H - a +2 rapier of electrocution
Armour
 c - a +2 pair of boots of stealth (worn)
 i - a +2 buckler (worn)
 M - a +2 cloak of poison resistance (worn)
 N - a +2 hat of willpower (worn)
 O - the +3 pair of gloves "Voomauk" (worn) {Will+}
   (You took it off Nikola on level 3 of the Elven Halls)

   Will+:     It increases your willpower.
Magical Staves
 v - a staff of death
 A - a staff of cold
Jewellery
 g - a ring of protection from fire
 l - a ring of protection from cold
 m - an amulet of magic regeneration
 o - the amulet "Peubb" {Regen+ Str+3}
   (You found it in a wizard's laboratory)

   [amulet of regeneration]

   Str+3:     It affects your strength (+3).
   Regen+:    It increases your rate of health regeneration.
 p - the ring of Temperance {Fire Fly Will+ Str+5 SInv}
   (You took it off a salamander on level 3 of the Snake Pit)

   [ring of fire]

   Fire:      It enhances your fire magic.
   Str+5:     It affects your strength (+5).
   rF+:       It protects you from fire.
   rC-:       It makes you vulnerable to cold.
   Will+:     It increases your willpower.
   SInv:      It lets you see invisible.
   Fly:       It grants you flight.
 y - a ring of ice
 E - an amulet of guardian spirit
 Q - a ring of flight
 S - an amulet of reflection (around neck)
 T - a +5 ring of evasion (right hand)
 U - a +6 ring of intelligence (left hand)
Talismans
 w - a granite talisman
 z - a dragon-blood talisman
Scrolls
 d - 2 scrolls of fear
 h - a scroll of enchant weapon
 n - a scroll of amnesia
 r - 2 scrolls of revelation
 t - 11 scrolls of fog
 u - 5 scrolls of poison
 B - 16 scrolls of teleportation
 J - 4 scrolls of blinking
 L - 4 scrolls of summoning
 Y - 2 scrolls of silence
Potions
 e - 15 potions of curing
 f - 5 potions of haste
 j - 7 potions of heal wounds
 k - a potion of invisibility
 q - 15 potions of mutation
 s - 6 potions of ambrosia
 x - 2 potions of cancellation
 C - 5 potions of might
 D - 8 potions of berserk rage
 F - 5 potions of resistance
 G - 6 potions of enlightenment
 I - 4 potions of brilliance
 K - 6 potions of magic


   Skills:
 - Level 12.0 Fighting
 - Level 14.0 Long Blades
 - Level 12.0 Dodging
 - Level 2.0 Stealth
 - Level 6.0 Shields
 + Level 20.0 Spellcasting
 - Level 6.0 Summonings
 - Level 6.0 Necromancy
 - Level 24.0 Ice Magic


You had 23 spell levels left.
You knew the following spells:

 Your Spells              Type           Power      Damage    Failure   Level
a - Freeze                Ice            100%       1d10      0%          1
b - Frozen Ramparts       Ice            100%       1d16      0%          3
c - Ozocubu's Armour      Ice            100%       N/A       0%          3
d - Summon Ice Beast      Ice/Summ       84%        N/A       1%          4
e - Call Canine Familiar  Summ           57%        N/A       1%          3
f - Ozocubu's Refrigerat  Ice            52%        4d19      1%          7
g - Simulacrum            Ice/Necr       42%        N/A       1%          6
h - Polar Vortex          Ice            52%        12d6*     10%         9

Your spell library contained the following spells:

 Spells                   Type           Power      Damage    Failure   Level
 Apportation              Tloc           56%        N/A       1%          1
 Kiss of Death            Conj/Necr      100%       2d13      1%          1
 Magic Dart               Conj           100%       1d8       1%          1
 Necrotise                Necr           100%       1d9       1%          1
 Slow                     Hex            100%       N/A       1%          1
 Summon Small Mammal      Summ           100%       N/A       1%          1
 Sublimation of Blood     Necr           57%        N/A       1%          2
 Summon Guardian Golem    Hex/Summ       44%        N/A       1%          3
 Vampiric Draining        Necr           57%        2d10      1%          3
 Animate Dead             Necr           57%        N/A       1%          4
 Metabolic Englaciation   Hex/Ice        38%        N/A       1%          5
 Searing Ray              Conj           56%        2d6       2%          2
 Wereblood                Tmut           28%        N/A       2%          2
 Confusing Touch          Hex            28%        N/A       5%          3
 Inner Flame              Hex/Fire       28%        N/A       5%          3
 Sigil of Binding         Hex            28%        N/A       5%          3
 Stone Arrow              Conj/Erth      56%        3d10      5%          3
 Tukima's Dance           Hex            28%        N/A       5%          3
 Summon Lightning Spire   Summ/Air       44%        N/A       5%          4
 Borgnjor's Vile Clutch   Necr/Erth      22%        N/A       16%         5
 Fulminant Prism          Conj/Hex       14%        3d8       19%         4
 Leda's Liquefaction      Hex/Erth       14%        N/A       19%         4
 Manifold Assault         Tloc           28%        N/A       19%         4
 Passage of Golubria      Tloc           28%        N/A       19%         4
 Petrify                  Tmut/Erth      28%        N/A       19%         4
 Vhi's Electric Charge    Tloc/Air       56%        N/A       19%         4
 Death Channel            Necr           28%        N/A       24%         6
 Alistair's Intoxication  Tmut/Pois      18%        N/A       45%         5
 Arcjolt                  Conj/Air       14%        1d24      45%         5
 Fireball                 Conj/Fire      14%        3d8       45%         5
 Iskenderun's Battlesphe  Conj           28%        2d8       45%         5
 Lee's Rapid Deconstruct  Erth           14%        3d9*      45%         5
 Silence                  Hex/Air        14%        N/A       45%         5
 Yara's Violent Unravell  Hex/Tmut       14%        3d7       45%         5
 Summon Hydra             Summ           28%        N/A       80%         7
 Bombard                  Conj/Erth      14%        9d3       96%         6
 Conjure Ball Lightning   Conj/Air       14%        3x3d6     96%         6
 Dispersal                Tloc           14%        N/A       96%         6
 Enfeeble                 Hex            14%        N/A       100%        7
 Orb of Destruction       Conj           14%        9d7       100%        7
 Disjunction              Tloc           14%        N/A       100%        8
 Lehudib's Crystal Spear  Conj/Erth      14%        10d5      100%        8
 Maxwell's Capacitive Co  Air            14%        ∞         100%        8
 Animate Armour           Summ/Erth      Unusable   N/A       N/A         4

Dungeon Overview and Level Annotations

Branches:
Dungeon (15/15)            Temple (1/1) D:6            Lair (5/5) D:11
 Shoals (4/4) Lair:2        Snake (4/4) Lair:2        Slime (0/5) Lair:5
    Orc (2/2) D:12            Elf (3/3) Orc:2        Vaults (0/5) D:14
 Depths (1/4) D:15        Ossuary (visited)           IceCv (visited)
Volcano (visited)          WizLab (visited)

Altars:
Ashenzari
Cheibriados
Dithmenos
Elyvilon
Fedhas
Gozag
Hepliaklqana
Kikubaaqudgha
Makhleb
Nemelex Xobeh
Okawaru
Qazlal
Ru
Sif Muna
Trog
Uskayaw
Vehumet
Wu Jian
Xom
Yredelemnul
Zin
The Shining One
Jiyva
Lugonu

Shops:
D:9 *   D:10 :!   D:11 *   Orc:2 ((**:   Elf:1 [   Elf:2 (   Shoals:2 (
Shoals:4 :?   Snake:1 :?**   Snake:2 (   Snake:3 ?:   Snake:4 *

Portals:
Hell: Depths:1
Abyss: D:4
Ziggurat: Depths:1

Annotations:
D:1 1 exclusion
D:4 1 runed translucent door, JamesMyth's ghost, novice HuBe
D:13 1 runed translucent door
Shoals:2 Roxanne
Snake:4 exclusion: door


Innate Abilities, Weirdness & Mutations

Your life essence is reduced to manifest your ancestor. (-10% HP)
You can breathe waves of freezing cold which knock back foes.
Your icy white scales are hard. (AC +10)
You cannot fit into any form of body armour.
Your flesh is cold resistant. (rC+)
You are cold-blooded and may be slowed by cold attacks.


Message History

Items here: )) ††.
The winds around you calm down.
The deep elf elementalist is empowered by something's aura!
The deep elf elementalist gestures wildly while chanting.
The deep elf elementalist seems to speed up.
You hear a shout!
The deep elf elementalist mumbles some strange words.
The deep elf elementalist seems to speed up.
The deep elf elementalist points next to you and mumbles some strange words.
The wall shatters!
The blast of rock fragments hits you but does no damage.
Unknown command.
The +5 halberd of venom attacks as it pursues you!
The +5 halberd of venom hits you but does no damage.
You are poisoned.
The +5 halberd of venom hits you from afar!
* * * LOW HITPOINT WARNING * * *
Okay, then.
Casting: Ozocubu's Refrigeration (mildly dangerous; 1% risk of failure)
Confirm with . or Enter, or press ? or * to list all spells.
You miscast Polar Vortex.
You are lightly contaminated with residual magic.
Heat is drained from your body! You resist.
* * * LOW HITPOINT WARNING * * *
You feel sick.
The +5 halberd of venom hits you from afar.
* * * LOW HITPOINT WARNING * * *
Casting: Polar Vortex (dangerous; 10% risk of failure)
Confirm with . or Enter, or press ? or * to list all spells.
A great freezing vortex appears and lifts you up.
You feel sick.
The deep elf elementalist gestures next to you while chanting.
The wall shatters!
The blast of rock fragments hits you but does no damage.
The +5 halberd of venom misses you.
You hear a shout!
You feel sick.
The deep elf elementalist casts a spell next to you.
The wall shatters!
The blast of rock fragments hits you!!
You die...

#).# #..# #e.# #..# #.##
#..## ##e(# ##§# #@######
#§§§...### ### ##§§.....#
###.### #§§.....#
#.....###########.......#
#.....'.................#
#.....##########'.......#
###.#'## ##.###)..###
####.#######.## #####


You could see a deep elf annihilator (empowered), a deep elf elementalist (fast,
empowered, repels missiles) and a +5 halberd of venom.

Vanquished Creatures
  A mutant beast (WizLab)
  A deep elf blademaster (Elf:3)
  A tentacled monstrosity (Depths:1)
  A deep elf master archer (Elf:3)
  Agnes (Elf:2)
  2 frost giants
  A deep elf sorcerer (Elf:3)
  3 nagarajas (Snake:4)
  Louise (Shoals:2)
  A deep elf elementalist (Elf:3)
  11 very ugly things
  An ironbound preserver (D:14)
  2 stone giants (Depths:1)
  A vampire knight (D:15)
  2 dire elephants (Depths:1)
  Nessos (Lair:3)
  3 deep elf annihilators (Elf:3)
  2 deep elf death magi
  A merfolk impaler (Shoals:4)
  3 merfolk javelineers
  Snorg (Orc:1)
  Josephine (D:15)
  2 ettins (Depths:1)
  2 deep elf high priests
  A fire dragon (shapeshifter) (D:15)
  3 fire dragons
  4 hydras
  An ice dragon (Depths:1)
  A rakshasa (D:15)
  A catoblepas (D:14)
  2 great orbs of eyes (Depths:1)
  3 merfolk aquamancers (Shoals:4)
  4 anacondas
  2 salamander tyrants
  3 boulder beetles
  An ironbound frostheart (IceCv)
  A merfolk avatar (Shoals:2)
  4 satyrs
  A two-headed ogre (D:14)
  4 centaur warriors
  8 naga warriors
  A deep troll earth mage (D:15)
  4 tengu warriors
  6 death yaks
  Urug (Orc:1)
  15 dancing weapons
  An orc high priest (Elf:2)
  Sonja (D:13)
  7 large abominations (WizLab)
  15 naga sharpshooters
  6 shock serpents
  4 hell knights (Depths:1)
  14 deep elf knights
  A salamander mystic (Snake:2)
  A storm dragon skeleton (Depths:1)
  Amaemon (Lair:3)
  3 skysharks
  6 sea snakes
  A spark wasp zombie (Depths:1)
  2 glowing orange brains (Depths:1)
  7 naga ritualists
  3 deep trolls
  10 deep elf archers
  A harpy (shapeshifter) (D:15)
  3 wizards
  28 harpies
  26 deep elf pyromancers
  5 necromancers (Depths:1)
  5 lindwurms
  3 orc knights
  8 mana vipers
  20 deep elf zephyrmancers
  16 ugly things
  3 orc sorcerers
  4 cyclopes
  A moth of wrath (Depths:1)
  A shadow dragon skeleton (Depths:1)
  10 fauns (Shoals:3)
  7 salamanders
  5 manticores (Shoals:4)
  2 merfolk sirens
  Joseph (D:10)
  26 black mambas
  A black mamba (shapeshifter) (WizLab)
  2 stone giant skeletons (Depths:1)
  7 elephants
  2 guardian serpents (shapeshifter) (WizLab)
  2 eyes of devastation (Depths:1)
  6 guardian serpents
  6 water nymphs
  15 naga magi
  5 cane toads
  3 torpor snails (Lair:5)
  A smoke demon (Volcano)
  An unseen horror (D:11)
  A freezing wraith (D:14)
  2 kobold demonologists (D:11)
  3 rime drakes
  A komodo dragon (shapeshifter) (WizLab)
  3 efreet
  10 komodo dragons
  3 tengu conjurers (D:14)
  A troll (shapeshifter) (D:15)
  4 trolls
  8 polar bears
  2 tyrant leeches (Lair:5)
  6 wind drakes
  A blink frog (shapeshifter) (WizLab)
  16 merfolk
  2 raiju (shapeshifter)
  5 hornets
  A polar bear (shapeshifter) (WizLab)
  10 snapping turtles
  2 tarantellas (shapeshifter) (WizLab)
  A hornet (shapeshifter) (WizLab)
  6 blink frogs
  6 dream sheep
  4 slime creatures (D:14)
  2 jumping spiders (shapeshifter) (WizLab)
  2 shadows
  A wraith (D:15)
  Eustachio (D:4)
  2 air elementals
  A fire elemental (Elf:1)
  2 water elementals
  A yak (shapeshifter) (WizLab)
  A wyvern (Lair:4)
  A centaur simulacrum (D:14)
  33 yaks
  A basilisk (shapeshifter) (WizLab)
  A basilisk (Lair:5)
  A golden eye (shapeshifter) (D:14)
  2 steam dragons
  A vampire mosquito (D:14)
  3 acid dragons
  46 nagas
  5 small abominations (WizLab)
  2 hell hounds (Volcano)
  13 water moccasins
  Duvessa (D:7)
  5 floating eyes
  An ice beast (D:7)
  A sky beast (D:7)
  A black bear (D:4)
  28 orc warriors
  5 ogres
  An ogre (shapeshifter) (WizLab)
  A boggart (shapeshifter) (WizLab)
  16 wolves
  18 centaurs
  2 lemures (D:8)
  A phantom (D:6)
  2 kobold brigands
  7 bullfrogs
  An earth elemental (Elf:1)
  A gnoll sergeant (D:6)
  4 scorpions
  An elf skeleton (D:7)
  A wight (D:10)
  Dowan (D:7)
  4 killer bees (D:7)
  2 electric eels (Lair:2)
  3 howler monkeys
  3 jellies (Lair:5)
  Crazy Yiuf (D:2)
  10 orc priests
  4 hounds
  A gnoll bouda (Orc:2)
  2 iguanas
  A sleepcap (D:4)
  13 orc wizards
  A mummy (Ossuary)
  Robin (D:2)
  8 gnolls
  4 adders
  3 shadow imps
  An ufetubus (D:5)
  2 worms (D:4)
  A dart slug (D:1)
  60 orcs
  7 ball pythons
  4 endoplasms
  7 giant cockroaches
  12 goblins
  6 hobgoblins
  5 jackals
  3 quokkas
  3 bats
  2 frilled lizards (D:3)
  A gnoll skeleton (Ossuary)
  15 kobolds
  2 kobold skeletons (Ossuary)
  An orc skeleton (Ossuary)
  9 rats
  3 rat skeletons (Ossuary)
950 creatures vanquished.

Vanquished Creatures (collateral kills)
  Nikola (Elf:3)
  Jorgrun (Elf:2)
  Polyphemus (Shoals:2)
  Gastronok (Orc:1)
  The ghost of Nonseq the Spry, an adept SpHu of Fedhas (Snake:4)
  An orc warlord (Orc:1)
  2 very ugly things (Depths:1)
  A deep elf annihilator (Elf:3)
  A dire elephant (Depths:1)
  2 deep elf death magi
  An ettin (Depths:1)
  A deep elf high priest (Elf:3)
  A merfolk javelineer (Shoals:4)
  A merfolk impaler (Shoals:4)
  A salamander tyrant (Snake:4)
  A hydra (Lair:3)
  An ironbound frostheart (IceCv)
  3 centaur warriors
  4 anacondas
  A death yak (shapeshifter) (Elf:3)
  2 catoblepae
  10 dancing weapons
  6 death yaks
  4 boulder beetles
  A tengu warrior (Depths:1)
  An alligator snapping turtle (Shoals:3)
  2 two-headed ogres
  3 naga warriors
  4 deep elf knights
  A deep troll earth mage (Depths:1)
  2 naga sharpshooters (Snake:4)
  3 skeletal warriors (D:15)
  3 shock serpents (Snake:4)
  2 salamander mystics (Snake:3)
  6 sea snakes
  A deep troll (Depths:1)
  2 deep elf archers (Elf:3)
  2 naga ritualists (Snake:4)
  4 harpies
  2 lindwurms
  A mana viper (shapeshifter) (WizLab)
  A necromancer (Depths:1)
  Pikel (D:8)
  4 deep elf pyromancers
  7 deep elf zephyrmancers
  5 mana vipers
  An orc sorcerer (Elf:3)
  10 ugly things
  An orc knight (Orc:2)
  A cyclops (D:14)
  A faun (Shoals:3)
  4 salamanders
  2 manticores
  A manticore (shapeshifter) (Elf:3)
  12 black mambas
  3 elephants
  A stone giant skeleton (Depths:1)
  2 guardian serpents
  3 torpor snails (Lair:5)
  A titan simulacrum (Depths:1)
  4 cane toads
  An ice statue (IceCv)
  2 water nymphs
  5 naga magi
  A cane toad (shapeshifter) (WizLab)
  An unseen horror (shapeshifter) (WizLab)
  A gargoyle (D:11)
  An orange demon (Lair:3)
  2 rime drakes (Lair:5)
  An unseen horror (D:12)
  A rime drake (shapeshifter) (WizLab)
  4 komodo dragons
  A yaktaur (shapeshifter) (WizLab)
  3 trolls
  A meliai (D:14)
  A queen bee (shapeshifter) (WizLab)
  2 tyrant leeches (Lair:5)
  4 wind drakes
  6 hornets (Lair:5)
  5 polar bears
  2 polar bears (shapeshifter) (WizLab)
  5 merfolk
  7 blink frogs
  8 dream sheep
  3 snapping turtles
  An air elemental (Elf:1)
  11 yaks
  A vampire (D:12)
  5 water elementals
  3 wraiths (D:15)
  A wyvern (Lair:1)
  A human (shapeshifter) (WizLab)
  An iron golem (WizLab)
  3 steam dragons
  A yak (shapeshifter) (D:13)
  2 basilisks
  Menkaure (D:7)
  25 nagas
  2 hell hounds (Volcano)
  4 water moccasins
  A small abomination (WizLab)
  14 orc warriors
  A swamp drake (D:12)
  An ice beast (D:7)
  An ogre (Orc:1)
  6 centaurs
  6 wolves
  A lemure (D:8)
  2 kobold brigands (D:11)
  An elf zombie (D:7)
  2 bullfrogs
  A gnoll sergeant (D:10)
  3 earth elementals
  An elf skeleton (D:7)
  6 wights
  A killer bee (D:7)
  A howler monkey (D:9)
  4 electric eels
  2 lava snakes (Lair:2)
  A human zombie (D:7)
  9 jellies (Lair:5)
  3 orc priests
  An iguana (D:6)
  3 orc wizards
  10 mummies (Ossuary)
  4 gnolls
  2 white imps
  15 orcs
  An endoplasm (Lair:5)
  4 kobolds
  A gnoll skeleton (Ossuary)
  2 goblin skeletons (Ossuary)
  A kobold skeleton (Ossuary)
  An orc skeleton (D:7)
  An orc zombie (D:7)
  8 rat skeletons (Ossuary)
406 creatures vanquished.

Vanquished Creatures (others)
  A deep elf archer (Elf:3)
  An ancestor (D:9)
  21 battlemagi
23 creatures vanquished.

Grand Total: 1379 creatures vanquished

Notes
Turn   | Place    | Note
-------+----------+-------------------------------------------
     0 | D:1      | dondy the Draconian Ice Elementalist began the quest for
                  | the Orb.
     0 | D:1      | Reached XP level 1. HP: 14/14 MP: 3/3
   211 | D:1      | Reached XP level 2. HP: 20/20 MP: 3/5
  1092 | D:2      | Reached XP level 3. HP: 26/26 MP: 1/6
  1096 | D:2      | Learned a level 3 spell: Frozen Ramparts
  1321 | D:2      | Reached skill level 5 in Ice Magic
  1344 | D:2      | Found a runed translucent door.
  1345 | D:2      | Noticed Crazy Yiuf
  1354 | D:2      | Killed Crazy Yiuf
  1526 | D:2      | Reached XP level 4. HP: 33/33 MP: 4/7
  1668 | D:2      | Noticed Robin
  1675 | D:2      | Killed Robin
  2790 | D:4      | Reached skill level 6 in Ice Magic
  2906 | D:4      | Reached XP level 5. HP: 35/38 MP: 2/8
  3176 | D:4      | Noticed JamesMyth's ghost (novice HuBe)
  3266 | D:4      | Learned a level 3 spell: Ozocubu's Armour
  3347 | D:4      | Noticed an ogre
  3356 | D:4      | Killed an ogre
  3357 | D:4      | Reached skill level 7 in Ice Magic
  3357 | D:4      | Reached XP level 6. HP: 45/45 MP: 0/9
  3534 | D:4      | Identified the +8 sling "Opauvuo" {speed, *Slow rCorr
                  | Str+3}
  3543 | D:4      | Found a white marble altar of Elyvilon.
  3610 | D:4      | Reached skill level 8 in Ice Magic
  3685 | D:4      | Found a large runed translucent door.
  3685 | D:4      | Found a large runed translucent door.
  3688 | D:4      | Found a corrupted altar of Lugonu.
  3720 | D:4      | Noticed Eustachio
  3732 | D:4      | Killed Eustachio
  3733 | D:4      | Your scales start taking on an icy white colour.
  3733 | D:4      | Reached skill level 9 in Ice Magic
  3733 | D:4      | Reached XP level 7. HP: 45/50 MP: 0/12
  3733 | D:4      | Gained mutation: Your flesh is cold resistant. (rC+) [White
                  | Draconian growth]
  3829 | D:4      | Learned a level 4 spell: Summon Ice Beast
  3834 | D:4      | Found a one-way gate to the infinite horrors of the Abyss.
  3893 | D:4      | Found a runed translucent door.
  4161 | D:5      | Entered Level 5 of the Dungeon
  4484 | D:5      | Reached skill level 5 in Spellcasting
  4654 | D:5      | You fall into a shaft and drop 2 floors!
  4726 | D:7      | Noticed a steam dragon
  4780 | D:7      | Reached XP level 8. HP: 39/57 MP: 11/16
  4840 | D:7      | Reached skill level 1 in Summonings
  4880 | D:7      | Found a sand-covered staircase.
  4886 | Ossuary  | Entered an ossuary
  4990 | Ossuary  | Reached skill level 10 in Ice Magic
  5214 | Ossuary  | Learned a level 3 spell: Call Canine Familiar
  5558 | D:7      | Identified the +7 scimitar of Qeonipp {flame, rCorr MP+9}
  5679 | D:7      | Found a burning altar of Makhleb.
  5888 | D:7      | Reached skill level 11 in Ice Magic
  5916 | D:7      | Reached XP level 9. HP: 39/62 MP: 6/18
  6136 | D:7      | Reached skill level 5 in Summonings
  6807 | D:6      | Reached skill level 12 in Ice Magic
  6807 | D:6      | Reached skill level 1 in Fighting
  6904 | D:6      | Found a broken altar of Ashenzari.
  6994 | D:6      | Reached skill level 1 in Long Blades
  7257 | D:6      | Found a staircase to the Ecumenical Temple.
  7267 | Temple   | Entered the Ecumenical Temple
  7280 | Temple   | Became a worshipper of Hepliaklqana the Forgotten
  7515 | D:7      | Noticed Menkaure
  7526 | D:7      | Killed Menkaure
  7820 | D:7      | Noticed Duvessa
  7820 | D:7      | Noticed Dowan
  7831 | D:7      | Killed Duvessa
  7841 | D:7      | Killed Dowan
  8066 | D:8      | Noticed a troll
  8073 | D:8      | Killed a troll
  8074 | D:8      | Reached skill level 5 in Fighting
  8198 | D:8      | Noticed Pikel
  8207 | D:8      | Killed Pikel
  8208 | D:8      | Reached XP level 10. HP: 82/82 MP: 16/19
  8309 | D:8      | Reached * piety under Hepliaklqana
  8439 | D:8      | Found a sparkling altar of Nemelex Xobeh.
  8766 | D:9      | Reached skill level 5 in Long Blades
  8879 | D:9      | Found Papp's Assorted Antiques.
  9407 | D:9      | Found a glowing silver altar of Zin.
  9632 | D:10     | Entered Level 10 of the Dungeon
  9632 | D:10     | Reached ** piety under Hepliaklqana
  9633 | D:10     | Remembered your ancestor Inhapi as a battlemage
  9763 | D:10     | Noticed a two-headed ogre
  9771 | D:10     | Killed a two-headed ogre
  9780 | D:10     | Learned a level 7 spell: Ozocubu's Refrigeration
  9956 | D:10     | Noticed Joseph
  9961 | D:10     | Killed Joseph
  9962 | D:10     | Reached skill level 13 in Ice Magic
 10174 | D:10     | Found Ysuhuyri's Tiny Tomes.
 10322 | D:10     | Found Hiwo's Distillery.
 10325 | D:10     | Found an iron altar of Okawaru.
 10327 | D:10     | Bought a potion of attraction for 39 gold pieces
 10327 | D:10     | Bought a potion of heal wounds for 65 gold pieces
 10327 | D:10     | Bought a potion of curing for 39 gold pieces
 10327 | D:10     | Bought a potion of might for 52 gold pieces
 10327 | D:10     | Bought a potion of enlightenment for 65 gold pieces
 10338 | D:10     | Found a radiant altar of Vehumet.
 10506 | D:11     | Noticed a two-headed ogre
 10512 | D:11     | Killed a two-headed ogre
 10514 | D:11     | Reached skill level 14 in Ice Magic
 10620 | D:11     | Reached XP level 11. HP: 80/80 MP: 20/20
 10835 | D:11     | Found Cuseps's General Store.
 10842 | D:11     | Bought a potion of berserk rage for 50 gold pieces
 10842 | D:11     | Bought a scroll of identify for 20 gold pieces
 10842 | D:11     | Bought a scroll of teleportation for 30 gold pieces
 10851 | D:11     | Reached skill level 15 in Ice Magic
 11078 | D:11     | Found a staircase to the Lair.
 11457 | D:11     | Noticed a centaur warrior
 11463 | D:11     | Killed a centaur warrior
 11464 | D:11     | Reached skill level 16 in Ice Magic
 11717 | D:12     | Noticed a purple ugly thing
 11719 | D:12     | Noticed a tengu warrior
 11726 | D:12     | Killed a tengu warrior
 11787 | D:12     | Noticed a purple ugly thing
 11794 | D:12     | Killed a purple ugly thing
 11800 | D:12     | Killed a purple ugly thing
 11876 | D:12     | Reached *** piety under Hepliaklqana
 12061 | D:12     | Reached skill level 17 in Ice Magic
 12136 | D:12     | Found a staircase to the Orcish Mines.
 12744 | Lair:1   | Entered Level 1 of the Lair of Beasts
 12912 | Lair:1   | Reached skill level 18 in Ice Magic
 12982 | Lair:1   | Reached XP level 12. HP: 86/86 MP: 21/21
 13894 | Lair:2   | Found a frozen archway.
 13909 | Lair:2   | Reached skill level 10 in Long Blades
 13910 | IceCv    | Entered an ice cave
 14032 | IceCv    | Reached **** piety under Hepliaklqana
 14331 | IceCv    | Noticed a death yak
 14337 | IceCv    | Reached skill level 1 in Shields
 14344 | IceCv    | Noticed a death yak
 14345 | IceCv    | Killed a death yak
 14364 | IceCv    | Killed a death yak
 14499 | IceCv    | Noticed a death yak
 14499 | IceCv    | Noticed a death yak
 14506 | IceCv    | Killed a death yak
 14507 | IceCv    | Reached XP level 13. HP: 91/91 MP: 22/22
 14588 | IceCv    | Reached skill level 5 in Shields
 14873 | IceCv    | Found the +8 demon trident "Rift" {distort, reach+}
 15197 | Lair:2   | Found a staircase to the Snake Pit.
 16070 | Lair:3   | Noticed Nessos
 16082 | Lair:3   | Killed Nessos
 16244 | Lair:3   | Noticed Amaemon
 16337 | Lair:3   | Killed Amaemon
 16378 | Lair:3   | You fall into a shaft and drop 2 floors!
 16378 | Lair:5   | Entered Level 5 of the Lair of Beasts
 16554 | Lair:5   | Found a viscous altar of Jiyva.
 16603 | Lair:5   | Found a staircase to the Slime Pits.
 17111 | Lair:3   | Reached XP level 14. HP: 95/99 MP: 27/27
 17578 | Lair:4   | Reached ***** piety under Hepliaklqana
 17847 | Lair:4   | Learned a level 6 spell: Simulacrum
 17942 | Lair:4   | Reached skill level 1 in Necromancy
 18674 | Lair:5   | Reached skill level 10 in Spellcasting
 18745 | Lair:5   | Reached skill level 5 in Necromancy
 18929 | Lair:5   | Found a runed translucent door.
 20624 | D:13     | Noticed Sonja
 20635 | D:13     | Killed Sonja
 21200 | D:13     | Found a runed translucent door.
 21202 | D:13     | Noticed a storm dragon
 21997 | D:14     | Reached XP level 15. HP: 108/108 MP: 7/31
 22385 | D:14     | Found an opulent altar of Gozag.
 22645 | D:14     | Found a gate to the Vaults.
 22918 | D:14     | Reached skill level 10 in Fighting
 23167 | D:15     | Entered Level 15 of the Dungeon
 23536 | D:15     | Noticed Josephine
 23546 | D:15     | Killed Josephine
 23847 | D:15     | Learned a level 9 spell: Polar Vortex
 24017 | D:15     | Found a staircase to the Depths.
 24284 | D:15     | Found a glowing golden altar of the Shining One.
 24914 | Orc:1    | Entered Level 1 of the Orcish Mines
 25082 | Orc:1    | Noticed Snorg
 25087 | Orc:1    | Killed Snorg
 25090 | Orc:1    | Found a dark tunnel.
 25102 | Volcano  | Entered a volcano
 25544 | Volcano  | Reached skill level 19 in Ice Magic
 25748 | Orc:1    | Noticed Urug
 25750 | Orc:1    | Killed Urug
 25754 | Orc:1    | Noticed Gastronok
 25764 | Orc:1    | Killed Gastronok
 26353 | Orc:2    | Entered Level 2 of the Orcish Mines
 26919 | Orc:2    | Found a staircase to the Elven Halls.
 27187 | Orc:2    | Found Juilesch's Vocational Training.
 27326 | Orc:2    | Found Awusuqei's Assorted Antiques.
 27326 | Orc:2    | Found Luogg's Antique Weapon Shoppe.
 27328 | Orc:2    | Found Axocaw's Weapon Emporium.
 27330 | Orc:2    | Found Has Hoh's General Store.
 27568 | Snake:1  | Entered Level 1 of the Snake Pit
 27865 | Snake:1  | Reached ****** piety under Hepliaklqana
 27974 | Snake:1  | Reached skill level 20 in Ice Magic
 28158 | Snake:1  | Found Jieddis's Book Shop.
 28161 | Snake:1  | Found Ruiquk's General Store.
 28161 | Snake:1  | Found Ogofei's Magic Scroll Shop.
 28166 | Snake:1  | Found Asugus's General Store.
 28173 | Snake:1  | Bought a scroll of identify for 26 gold pieces
 28173 | Snake:1  | Bought a scroll of identify for 26 gold pieces
 28206 | Snake:1  | Reached XP level 16. HP: 121/125 MP: 22/32
 29039 | Snake:2  | Found Ogrufez's Weapon Boutique.
 29643 | Snake:2  | Reached skill level 21 in Ice Magic
 30409 | Snake:2  | You fall into a shaft and drop 1 floor!
 31058 | Snake:3  | Reached skill level 22 in Ice Magic
 31350 | Snake:3  | Found Kymir Woqir's Magic Scroll Boutique.
 31358 | Snake:3  | Bought a scroll of torment for 152 gold pieces
 31358 | Snake:3  | Bought a scroll of identify for 32 gold pieces
 31358 | Snake:3  | Bought a scroll of identify for 32 gold pieces
 31358 | Snake:3  | Bought a scroll of teleportation for 48 gold pieces
 31358 | Snake:3  | Bought a scroll of teleportation for 48 gold pieces
 31358 | Snake:3  | Bought a scroll of fog for 64 gold pieces
 31358 | Snake:3  | Bought a scroll of fog for 64 gold pieces
 31359 | Snake:3  | Identified a scroll of acquirement
 31360 | Snake:3  | Acquired 570 gold pieces
 31571 | Snake:3  | Identified the ring of Temperance {Fire Fly Will+ Str+5
                  | SInv}
 31573 | Snake:3  | Found Rotepaca's Book Boutique.
 31785 | Snake:3  | Reached skill level 5 in Dodging
 32240 | Shoals:1 | Entered Level 1 of the Shoals
 33473 | Shoals:2 | Found Urari's Antique Weapon Shoppe.
 34034 | Shoals:2 | Reached XP level 17. HP: 80/131 MP: 33/33
 34160 | Shoals:2 | Noticed Roxanne
 34260 | Shoals:2 | Reached skill level 23 in Ice Magic
 34668 | Shoals:2 | Noticed Louise
 34764 | Shoals:2 | Noticed Polyphemus
 34771 | Shoals:2 | Killed Louise
 34776 | Shoals:2 | Killed Polyphemus
 36028 | Shoals:3 | Reached skill level 24 in Ice Magic
 37070 | Lair:1   | Upgraded the game from 0.31-a0-750-gfe7b580527 to
                  | 0.31-a0-765-g67fe2935dc
 37070 | Lair:1   | Upgraded the game from 0.31-a0-765-g67fe2935dc to
                  | 0.31-a0-774-g0d66cbabe8
 37197 | Snake:4  | Entered Level 4 of the Snake Pit
 37426 | Snake:4  | Found a runed translucent door.
 37426 | Snake:4  | Noticed Nonseq's ghost (adept SpHu)
 37974 | Snake:4  | Found Qeare's Assorted Antiques.
 37987 | Snake:4  | Bought a scroll of teleportation for 72 gold pieces
 39415 | Snake:4  | Got a serpentine rune of Zot
 39526 | Snake:4  | Reached skill level 15 in Spellcasting
 39526 | Snake:4  | Reached XP level 18. HP: 123/138 MP: 24/37
 40164 | Snake:4  | Killed Nonseq's ghost
 40170 | Snake:4  | Identified the staff of the Unseen Realm {rElec Str+5 Air}
 40352 | Lair:1   | Upgraded the game from 0.31-a0-774-g0d66cbabe8 to
                  | 0.31-a0-799-g6bc09d010c
 40352 | Lair:1   | Upgraded the game from 0.31-a0-799-g6bc09d010c to
                  | 0.31-a0-816-gd61d57ddb1
 40493 | Shoals:4 | Entered Level 4 of the Shoals
 40858 | Shoals:4 | Found Uharai's Self-Improvement Boutique.
 41180 | Shoals:4 | Identified the staff "Qetheg" {rElec rPois rN+ Dex+3
                  | Poison}
 41198 | Shoals:4 | Found Yfynous's Magic Scroll Shop.
 41218 | Shoals:4 | Identified the ring "Rekkahur" {Fly Str+6 Dex+3}
 42404 | Shoals:4 | Got a barnacled rune of Zot
 44174 | Depths:1 | Entered Level 1 of the Depths
 45214 | Depths:1 | Found a bloodstained altar of Trog.
 45219 | Depths:1 | HP: 1/138 [dire elephant (13)]
 45801 | Depths:1 | Noticed a tentacled monstrosity
 45806 | Depths:1 | Killed a tentacled monstrosity
 45910 | Depths:1 | Found a one-way gateway to a ziggurat.
 46117 | Depths:1 | Found a gateway to Hell.
 46386 | Depths:1 | Reached XP level 19. HP: 71/144 MP: 32/41
 47105 | Elf:1    | Entered Level 1 of the Elven Halls
 48524 | Elf:1    | Found Lekaedir's Armour Boutique.
 48552 | Elf:1    | Reached skill level 10 in Dodging
 48559 | Elf:1    | Paralysed by an air elemental for 1 turns
 49218 | Elf:2    | Found a magical portal.
 49230 | WizLab   | Entered Cigotuvi's Fleshworks
 49821 | WizLab   | Identified the amulet "Peubb" {Regen+ Str+3}
 50292 | WizLab   | Got a curling book
 50637 | Elf:2    | Found Wodeossyla's Antique Weapon Boutique.
 50759 | Elf:2    | Found a runed translucent gate.
 50761 | Elf:2    | Found a runed translucent gate.
 50766 | Elf:2    | Found a runed translucent gate.
 51020 | Elf:2    | Noticed Jorgrun
 51025 | Elf:2    | Killed Jorgrun
 51426 | Elf:2    | Noticed Agnes
 51430 | Elf:2    | Killed Agnes
 51621 | Elf:2    | Upgraded the game from 0.31-a0-816-gd61d57ddb1 to
                  | 0.31-a0-819-gf6de2f5ab6
 51655 | Elf:3    | Entered Level 3 of the Elven Halls
 51655 | Elf:3    | Identified the +3 pair of gloves "Voomauk" {Will+}
 51655 | Elf:3    | Noticed Nikola
 51659 | Elf:3    | Killed Nikola
 51660 | Elf:3    | Reached XP level 20. HP: 151/151 MP: 22/43
 52312 | Elf:3    | Paralysed by an air elemental for 1 turns
 52332 | Elf:3    | Killed from afar by a deep elf elementalist

Illustrated notes

Levels and vault maps discovered:
D:1:      doesnt_arrival_eight_statues, layout_rooms, serial_forest,
          infiniplex_forest_lined_1, infiniplex_forest_lined_4_way,
          infiniplex_forest_pool, infiniplex_forest_straight_2,
          infiniplex_forest_end_3, infiniplex_forest_zigzag_1,
          infiniplex_forest_clump_diagonal, infiniplex_forest_clump_large,
          hex_large
D:2:      layout_loops_cross, uniq_crazy_yiuf_cottage, uniq_robin
D:3:      layout_basic
D:4:      due_chaos_kobolds, layout_rooms, elyvilon_altar_1,
          hellmonk_ghost_happy_afterlife, uniq_eustachio
D:5:      layout_gridville
D:6:      layout_basic, cheibrodos_ashenzari_chains,
          minmay_temple_entry_overgrown
D:7:      layout_loops_ring, bloody_makhleb, nicolae_ossuary_entry_catacombs,
          grunt_ministairs_12, kennysheep_cross_room, uniq_duvessa,
          uniq_menkaure
D:8:      layout_gridville, nemelex_diamond_rough_becter, uniq_pikel
D:9:      layout_layer_cave, mainiacjoe_overflow_small_starburst, serial_shops,
          shop
D:10:     layout_rooms, grunt_temple_overflow_open, serial_shops, shop,
          hangedman_abyss_or_decor_stagger, nicolae_shop_i_like_small_books_too,
          uniq_joseph
D:11:     layout_roguey, david_lair_shrubbed, serial_shops, shop,
          kennysheep_generic_room_14
D:12:     layout_basic, erik_orc_1
D:13:     layout_irregular_city, wad_hexagon, uniq_sonja
D:14:     hangedman_cross_stitches, layout_basic,
          skrybe_vaults_entry_preservation, kennysheep_big_empty_room,
          grunt_gozag_breadcrumbs
D:15:     hellmonk_depths_entry_around_the_bend, layout_layer_cave,
          nicolae_tso_carved_into_rock, uniq_josephine
Temple:   regret_index_temple_waves
Lair:1:   layout_cave_pods, beast_lair_carwin_3
Lair:2:   layout_hall_layers, nicolae_shoals_entry_flooding,
          guppyfry_snake_entry_island, portal_ice_cave_entry_pillars_1,
          nicolae_lair_liquid_snakes
Lair:3:   layout_regular_city, lemuel_fruit_tree, grunt_megastairs_5,
          uniq_nessos, uniq_amaemon
Lair:4:   layout_cave_pods, grunt_forest_small_clearing_treed
Lair:5:   wormcave, layout_regular_city, hangedman_lair_in_review,
          minmay_slime_entry_jelly_boxes, serial_bayou_lagoon_b
Shoals:1: layout_shoals
Shoals:2: layout_shoals, serial_shops, nicolae_stop_n_shop_2, uniq_louise,
          uniq_polyphemus, uniq_roxanne
Shoals:3: layout_shoals, nicolae_shoals_shepherds
Shoals:4: shoals_end_hangedman, layout_shoals, serial_shops, shop,
          nicolae_shop_self_help
Snake:1:  layout_layer_cave, minmay_shoptagon
Snake:2:  layout_cave_shapes, serial_shops, nicolae_stop_n_shop_1,
          nrook_guardian_serpent_double, grunt_megastairs_2
Snake:3:  layout_rooms, serial_shops, nicolae_shop_getting_attention,
          minmay_shop_star
Snake:4:  minmay_snake_end_coiled, layout_basic, ebering_ghost_reflecting_pool,
          serial_shops, nicolae_shop_just_a_little_nook, nicolae_snake_snakewalk
Orc:1:    layout_caves, nicolae_volcano_entry_lava_flow, uniq_gastronok,
          uniq_snorg, uniq_urug
Orc:2:    st_orc_rangers, layout_caves, nicolae_shop_vocational
Elf:1:    minmay_elf_arrival_plus, layout_loops_corners, serial_shops,
          nicolae_lakefront_shop, kennysheep_underground_church,
          onia_ninara_cookie
Elf:2:    elven_hall_of_blades_hangedman_original
          [nicolae_vaults_blade_armed_guards], layout_gridlike, serial_shops,
          shop, mu_enter_wizlab_4, uniq_agnes, uniq_jorgrun
Elf:3:    minmay_elf_hall_dome, layout_geoelf_octagon, uniq_nikola,
          uniq_saint_roka
Depths:1: layout_roguey, enter_ziggurat_d, nicolae_sextant,
          pf_hell_entry_tar_spiral, dk_noncrumbling_3, tgw_trog,
          serial_bayou_shore_b

Skill      XL: |  1  2  3  4  5  6  7  8  9 10 11 12 13 14 15 16 17 18 19 20 |
---------------+-------------------------------------------------------------+-----
Stealth        | 2 |  2.0
Dodging        | 2 6 7 12 | 12.0
Ice Magic      | 5 6 7 9 11 12 14 18 20 22 24 | 24.0
Spellcasting   | 3 5 6 9 12 15 18 19 20 | 20.0
Summonings     | 4 6 |  6.0
Fighting       | 5 6 7 12 | 12.0
Long Blades    | 4 7 12 14 | 14.0
Shields        | 4 6 |  6.0
Necromancy     | 6 |  6.0

Action                     |  1- 3 |  4- 6 |  7- 9 | 10-12 | 13-15 | 16-18 | 19-21 || total
---------------------------+-------+-------+-------+-------+-------+-------+-------++-------
  Melee: Unarmed           |    13 |     2 |   102 |       |       |       |       ||   117
         Tailslap          |     4 |     1 |    28 |    29 |    69 |    30 |     9 ||   170
         Scimitar          |       |       |    27 |   133 |   393 |   210 |    51 ||   814
         Punch             |       |       |     1 |       |       |       |       ||     1
   Cast: Freeze            |    48 |    42 |    50 |    35 |     2 |     2 |       ||   179
         Frozen Ramparts   |       |    21 |    34 |    67 |    82 |     8 |       ||   212
         Ozocubu's Armour  |       |     1 |     7 |    13 |    27 |     4 |       ||    52
         Summon Ice Beast  |       |       |    30 |    11 |    13 |     3 |       ||    57
         Call Canine Famil |       |       |    14 |     2 |     9 |     1 |       ||    26
         Ozocubu's Refrige |       |       |       |       |    91 |   318 |    95 ||   504
         Simulacrum        |       |       |       |       |    12 |     5 |       ||    17
         Polar Vortex      |       |       |       |       |       |    19 |    24 ||    43
 Invoke: Recall Ancestor   |       |       |       |     2 |     8 |     3 |     2 ||    15
         Ancestor Life: Ba |       |       |       |     1 |       |       |       ||     1
Ability: Breathe Frost     |       |       |     1 |       |       |     1 |       ||     2
    Use: Scroll            |       |       |       |    13 |     8 |    10 |     1 ||    32
         Potion            |       |       |       |     1 |     1 |     3 |     1 ||     6
   Stab: Distracted        |       |       |     2 |     2 |     9 |     4 |     4 ||    21
         Sleeping          |       |       |     1 |       |       |       |     1 ||     2
 Armour: Skin              |    22 |    39 |   123 |   112 |   254 |   240 |    60 ||   850
  Dodge: Dodged            |    44 |    42 |    91 |   116 |   180 |   182 |    42 ||   697
  Block: Other             |       |       |       |     3 |       |       |       ||     3
         Buckler           |       |       |       |    34 |   185 |   173 |    48 ||   440
         Reflection        |       |       |       |     4 |    39 |    33 |    15 ||    91
         Kite shield       |       |       |       |    52 |    84 |       |       ||   136

Table legend: (Time is in decaauts)
 A = Elapsed time spent in this place.
 B = Non-inter-level travel time spent in this place.
 C = Inter-level travel time spent in this place.
 D = Time resting spent in this place.
 E = Time spent auto-exploring this place.
 F = Levels seen in this place.
 G = Mean time per level.
                   A        B        C        D        E       F      G
               +--------+--------+--------+--------+--------+-----+--------+
         Total |  52647 |  49603 |   3044 |  15132 |  25742 |  39 | 1349.9 |
       Dungeon |  17762 |  16605 |   1157 |   4306 |   9366 |  15 | 1184.1 |
        Temple |     26 |      1 |     25 |      0 |      0 |   1 |   26.0 |
          Lair |   7304 |   6333 |    971 |    732 |   4427 |   5 | 1460.8 |
        Shoals |   8550 |   8182 |    368 |   3119 |   4205 |   4 | 2137.5 |
     Snake Pit |   7612 |   7342 |    270 |   3109 |   3010 |   4 | 1903.0 |
  Orcish Mines |   1683 |   1617 |     66 |    393 |    932 |   2 |  841.5 |
   Elven Halls |   3962 |   3858 |    104 |   1232 |   1997 |   3 | 1320.7 |
        Depths |   2245 |   2165 |     80 |   1098 |    804 |   1 | 2245.0 |
       Ossuary |    594 |    594 |      0 |    104 |    106 |   1 |  594.0 |
      Ice Cave |   1137 |   1137 |      0 |    370 |    399 |   1 | 1137.0 |
       Volcano |    573 |    573 |      0 |    300 |     84 |   1 |  573.0 |
        Wizlab |   1194 |   1194 |      0 |    369 |    410 |   1 | 1194.0 |
               +--------+--------+--------+--------+--------+-----+--------+

Top non-repeatable levels by time:
 Snake:4: 2652 daAuts
Shoals:4: 2367 daAuts
Shoals:3: 2268 daAuts
Depths:1: 2245 daAuts
Shoals:2: 2150 daAuts
 Snake:2: 2065 daAuts
  Lair:5: 2020 daAuts
   Elf:1: 2011 daAuts
    D:15: 2008 daAuts
    D:14: 1781 daAuts
Shoals:1: 1764 daAuts
  Lair:1: 1717 daAuts
     D:7: 1510 daAuts
 Snake:3: 1485 daAuts
  Lair:2: 1443 daAuts
